 Dungeon Crawl Stone Soup version 0.17.1-3-g152610e (webtiles) character file.

903 Alarkh the Chopper (level 7, -9/50 HPs)
             Began as a Mummy Skald on Apr 20, 2016.
             Killed from afar by a smoke demon (15 damage)
             ... with a ball of steam
             ... on level 1 of the Abyss.
             The game lasted 00:16:07 (7856 turns).

Alarkh the Chopper (Mummy Skald)                    Turns: 7856, Time: 00:16:07

Health: -9/50      AC:  6    Str: 16    XL:     7   Next: 80%
Magic:  10/10      EV: 11    Int: 13    God:
Gold:   376        SH:  0    Dex: 16    Spells: 4 memorised, 2 levels left

rFire  . . .     SeeInvis .     a - +0 hand axe
rCold  + . .     Clarity  .     j - +0 leather armour {rF+}
rNeg   + + +     SustAt   .     (no shield)
rPois  ∞         Gourm    .     g - +1 helmet
rElec  .         Spirit   .     (no cloak)
rCorr  .         Warding  .     m - +0 pair of gloves
rMut   .         Stasis   .     (no boots)
MR     .....                    (no amulet)
Stlth  +.........               (no ring)
                                o - +5 ring of dexterity

@: very slightly contaminated, invisible, not resistant to hostile enchantments,
very unstealthy
A: no food or potions, fire vulnerability, cold resistance 1, negative energy
resistance 3, torment resistance, unbreathing
a: no special abilities


You were on level 1 of the Abyss.
You were not hungry.

You visited 1 branch of the dungeon, and saw 6 of its levels.
You visited the Abyss 1 time.

You collected 376 gold pieces.

Inventory:

Hand Weapons
 a - a +0 hand axe (weapon)
Armour
 g - a +1 helmet (worn)
 j - a +0 leather armour of fire resistance (worn)
 m - a +0 pair of gloves (worn)
Magical Staves
 r - an uncursed staff of fire
Jewellery
 o - a +5 ring of dexterity (left hand)
Wands
 e - a wand of draining (6)
 k - a wand of invisibility (4)
 u - a wand of frost (41)
Scrolls
 b - 2 scrolls of immolation
 d - 3 scrolls of noise
 h - 3 scrolls of remove curse
 i - a scroll of recharging
 l - a scroll of enchant weapon
 n - 2 scrolls of random uselessness
 p - a scroll of fear
 q - 2 scrolls of enchant armour
Books
 c - a book of Battle

   Spells                             Type                      Level
   a - Infusion                       Charms                       1
   b - Shroud of Golubria             Charms/Translocation         2
   c - Song of Slaying                Charms                       2
   d - Spectral Weapon                Hexes/Charms                 3
   e - Regeneration                   Charms/Necromancy            3
Miscellaneous
 f - a legendary deck of destruction {drawn: 9}


   Skills:
 - Level 2.0 Fighting
 + Level 7.6 Axes
 - Level 0.7 Armour
 - Level 0.7 Dodging
 - Level 2.0 Spellcasting
 - Level 2.4 Charms


You had 2 spell levels left.
You knew the following spells:

 Your Spells              Type           Power        Failure   Level  Hunger
a - Infusion              Chrm           #.....       14%         1    N/A
b - Song of Slaying       Chrm           #.......     21%         2    N/A
c - Spectral Weapon       Hex/Chrm       #.......     65%         3    N/A
e - Shroud of Golubria    Chrm/Tloc      #.........   30%         2    N/A

Dungeon Overview and Level Annotations

Branches:
Dungeon (6/15)
 Temple: D:4-7

Altars:
Elyvilon
Nemelex Xobeh
Okawaru
Sif Muna
Vehumet
The Shining One

Shops:
D:4 [


Innate Abilities, Weirdness & Mutations

You do not eat or drink.
Your flesh is vulnerable to fire.
You are immune to poison.
Your flesh is cold resistant.
You are immune to negative energy.
You are immune to unholy pain and torment.
You can survive without breathing.


Message History

Evoke which item? (* to show all) (? for menu, Esc to quit)
You draw a card...
It is the Hammer.
You have drawn the Hammer.
Press: ? - help, Shift-Dir - straight line, f - smoke demon
Aim: a smoke demon The iron shot hits the smoke demon.
The smoke demon is moderately wounded.
The smoke demon hits you.
* * * LOW HITPOINT WARNING * * *
The smoke demon misses you. The smoke demon barely misses you.
Evoke which item? (* to show all) (? for menu, Esc to quit)
You draw a card...
It is Vitriol.
You have drawn Vitriol.
Press: ? - help, Shift-Dir - straight line, f/p - smoke demon
Aim: a smoke demon (moderately wounded)
The bolt of acid hits the smoke demon.
The acid corrodes the smoke demon!
The smoke demon is heavily wounded.
The smoke demon gestures at you. The ball of steam hits you!
You die...

#.##.....### # .#
..#......###.W#.#
..........# . # .
#......
###3####..
#.........#(....
#..... ...#...#
#.##...###..#
##3#.###.3.# #@##
(.### ### ### ##


You could see a smoke demon.

Vanquished Creatures
  Grinder (D:5)
  An ogre (D:4)
  A giant frog (D:6)
  A scorpion (D:2)
  3 hounds (D:4)
  An orc priest (D:4)
  A giant frog skeleton (D:4)
  4 orc wizards
  A worker ant (D:4)
  A hound skeleton (D:4)
  Robin (D:1)
  4 gnolls (D:3)
  A worker ant zombie (D:5)
  7 adders
  An ooze (D:1)
  2 worms
  A giant gecko (D:4)
  10 orcs
  3 giant cockroaches
  9 hobgoblins
  4 quokkas
  2 ball pythons (D:3)
  A ball python skeleton (D:4)
  7 bats
  A giant newt (D:1)
  15 goblins
  7 kobolds
  7 rats
98 creatures vanquished.

Notes
Turn   | Place    | Note
--------------------------------------------------------------
     0 | D:1      | Alarkh the Mummy Skald began the quest for the Orb.
     0 | D:1      | Reached XP level 1. HP: 16/16 MP: 3/3
    14 | D:2      | Reached XP level 2. HP: 5/22 MP: 0/5
   883 | D:1      | Reached XP level 3. HP: 23/27 MP: 3/6
  1341 | D:2      | Found a deep blue altar of Sif Muna.
  1381 | D:2      | Found a faded altar to an unknown god.
  1472 | D:2      | Became a worshipper of Nemelex Xobeh the Trickster
  1472 | D:2      | Received a gift from Nemelex Xobeh
  1472 | D:2      | Reached * piety under Nemelex Xobeh
  1473 | D:2      | Fell from the grace of Nemelex Xobeh
  1495 | D:2      | Reached skill level 3 in Axes
  1587 | D:2      | Noticed Robin
  1654 | D:1      | XOM: colour smoke trail
  2051 | D:1      | Killed Robin
  2167 | D:1      | XOM: harmless Conj miscast
  2375 | D:2      | Reached XP level 4. HP: 33/33 MP: 5/7
  2522 | D:2      | Found an iron altar of Okawaru.
  2789 | D:3      | Found a sparkling altar of Nemelex Xobeh.
  3073 | D:3      | Reached skill level 4 in Axes
  3563 | D:3      | Noticed a wraith
  4134 | D:2      | Reached XP level 5. HP: 3/38 MP: 4/8
  4827 | D:3      | Learned a level 2 spell: Song of Slaying
  4830 | D:3      | Learned a level 2 spell: Shroud of Golubria
  4834 | D:3      | Learned a level 3 spell: Spectral Weapon
  5260 | D:4      | Reached skill level 5 in Axes
  5412 | D:4      | Reached XP level 6. HP: 38/44 MP: 5/9
  5464 | D:4      | Found a radiant altar of Vehumet.
  5465 | D:4      | Found Zeiry's Armour Boutique.
  5711 | D:4      | XOM: medium Necr miscast
  5712 | D:4      | Noticed a shadow
  5712 | D:4      | Noticed a shadow
  5795 | D:4      | Found a white marble altar of Elyvilon.
  5906 | D:4      | Reached skill level 6 in Axes
  6508 | D:4      | Reached XP level 7. HP: 13/50 MP: 2/10
  7033 | D:4      | Found a glowing golden altar of the Shining One.
  7062 | D:5      | Entered Level 5 of the Dungeon
  7214 | D:5      | Noticed Grinder
  7329 | D:5      | Killed Grinder
  7329 | D:5      | Reached skill level 7 in Axes
  7659 | D:5      | You fall through a shaft!
  7809 | D:6      | Cast into the Abyss (drawing a card)
  7819 | Abyss:1  | Noticed an eidolon
  7836 | Abyss:1  | Noticed a smoke demon
  7856 | Abyss:1  | Killed from afar by a smoke demon

Action                   |  1- 3 |  4- 6 |  7- 9 || total
-------------------------+-------+-------+-------++-------
Melee: Hand axe          |    97 |   230 |    69 ||   396
 Cast: Infusion          |    22 |    38 |    12 ||    72
       Shroud of Golubri |       |     5 |     1 ||     6
       Song of Slaying   |       |     1 |       ||     1
       Spectral Weapon   |       |       |     1 ||     1
Invok: Renounce Religion |     1 |       |       ||     1
Evoke: Wand              |       |     2 |     1 ||     3
       Deck              |       |       |     9 ||     9
  Use: Scroll            |     4 |     9 |     4 ||    17
 Stab: Invisible         |       |     1 |       ||     1
       Distracted        |       |       |     1 ||     1
